 Seeded DCSS version 0.27.1-33-g824d729ab1 (webtiles) character file.

Game seed: 9994578473121069481 (custom seed)

102 voltaire321 the Digger (level 4, -6/28 HPs)
             Began as an Octopode Earth Elementalist on Dec 7, 2021.
             Mangled by a gnoll (10 damage)
             ... on level 3 of the Dungeon.
             The game lasted 00:09:34 (3325 turns).

voltaire321 the Digger (OpEE)                       Turns: 3325, Time: 00:09:34

Health: -6/28      AC:  1    Str:  7    XL:     4   Next: 77%
Magic:  16/16      EV: 13    Int: 18    God:
Gold:   88         SH:  3    Dex: 12    Spells: 2/8 levels left

rFire    . . .     SeeInvis .   n - +1 mace (holy)
rCold    . . .     Faith    .   j - +0 buckler
rNeg     . . .     Spirit   .   (helmet restricted)
rPois    .         Reflect  .   (no amulet)
rElec    .         Harm     .   e - ring of magical power
rCorr    .         Rampage  .   (no ring)
Will     .....                  (no ring)
Stlth    +++.......             (no ring)
HPRegen  0.09/turn              (no ring)
MPRegen  0.15/turn              (no ring)
                                (no ring)
                                (no ring)

@: no status effects
A: almost no armour, amphibious, 8 rings, camouflage 1, gelatinous body 1,
(nimble swimmer 1), tentacles
a: no special abilities


You were on level 3 of the Dungeon.
You visited 1 branch of the dungeon, and saw 3 of its levels.

You collected 88 gold pieces.

Inventory:

Hand Weapons
 n - a +1 mace of holy wrath (weapon)
Missiles
 a - 21 poisoned darts
 b - 7 stones
Armour
 j - a +0 buckler (worn)
Jewellery
 e - a ring of magical power (left tentacle)
Scrolls
 g - a scroll of enchant armour {unknown}
 h - a scroll of identify
 i - a scroll of acquirement {unknown}
 k - a scroll of enchant weapon {unknown}
 l - a scroll of teleportation {unknown}
 o - a scroll of blinking
Potions
 c - a potion of haste
 d - 2 potions of curing {unknown}
 f - a potion of lignification {unknown}
 m - a potion of might {unknown}


   Skills:
 + Level 1.5 Fighting
 + Level 2.6 Dodging
 - Level 2.6 Stealth
 + Level 1.0 Shields
 + Level 2.5 Spellcasting
 + Level 0.7 Conjurations
 + Level 1.8 Transmutations
 + Level 3.4 Earth Magic


You had 2 spell levels left.
You knew the following spells:

 Your Spells              Type           Power      Damage    Failure   Level
a - Sandblast             Erth           28%        2d8       6%          1
b - Passwall              Tmut/Erth      9%         N/A       13%         2
c - Stone Arrow           Conj/Erth      18%        3d8       32%         3

Your spell library contained the following spells:

 Spells                   Type           Power      Damage    Failure   Level
 Foxfire                  Conj/Fire      12%        2x1d4     22%         1
 Conjure Flame            Conj/Fire      3%         6-21      54%         3
 Inner Flame              Hex/Fire       2%         N/A       58%         3
 Petrify                  Tmut/Erth      11%        N/A       63%         4
 Leda's Liquefaction      Hex/Erth       4%         N/A       77%         4
 Bolt of Magma            Conj/Fire/Erth 3%         4d5       98%         5
 Statue Form              Tmut/Erth      7%         N/A       100%        6


Dungeon Overview and Level Annotations

Branches:
Dungeon (3/15)

Altars:

Shops:
D:1 *=


Innate Abilities, Weirdness & Mutations

You cannot wear most types of armour.
You are amphibious.
You can wear up to eight rings at the same time.
Your skin changes colour to match your surroundings (Stealth+).
Your rubbery body absorbs attacks. (AC +1, EV +1)
((You are camouflaged near water. (Stealth+)))
You have tentacles for arms and can constrict up to eight enemies at once.


Message History

You constrict the hobgoblin. The hobgoblin barely misses you.
You hit the hobgoblin but do no damage. You squeeze the hobgoblin.
You kill the hobgoblin!
Your Shields skill increases to level 1!
You see here a hobgoblin corpse.
A gnoll comes into view. It is wielding a +0 whip.
The gnoll shouts!
A gnoll comes into view. It is wielding a +0 whip.
The gnoll shouts!
You hear a shout! x2
A kobold comes into view. It is wielding a +0 short sword.
The gnoll hits you with a +0 whip.
The kobold shouts!
You hit the gnoll. You grab the gnoll.
The gnoll is moderately wounded.
You constrict the gnoll.
The gnoll escapes!
A gnoll comes into view. It is wielding a +0 whip.
Casting: Sandblast (safe; 6% risk of failure)
Confirm with . or Enter, or press ? or * to list all spells.
Aiming: Sandblast (safe; 6% risk of failure)
Press: ? - help, Shift-Dir - straight line, f - gnoll
Aim: a gnoll, wielding a +0 whip (82% to hit)
The blast of sand hits the gnoll.
The gnoll is heavily wounded.
The gnoll shouts!
The gnoll hits you with a +0 whip!
You barely miss the gnoll. You grab the gnoll. You squeeze the gnoll.
You kill the gnoll!
You hit the gnoll but do no damage. You grab the gnoll.
The gnoll is moderately wounded.
You constrict the gnoll. The gnoll barely misses you.
The gnoll hits you with a +0 whip!
* * * LOW HITPOINT WARNING * * *
You release your grip on the gnoll.
You hit the gnoll. Your grab misses the gnoll.
The gnoll is severely wounded.
The gnoll barely misses you. The gnoll closely misses you.
You completely miss the gnoll. Your grab misses the gnoll.
The gnoll is severely wounded.
The gnoll hits you with a +0 whip!
You die...

######## #......#
#......# #......#
#......# #### #......#
#.. #......# #.# #
#......######.## .####
##..#..@gKg....#..K..#
##.##########...# #.#
#.### #.# #.. # #†#
#### # ##### #.# #
#...# ###.#
###.#.####...#
....#...##.###


You could see 2 gnolls and a kobold.

Vanquished Creatures
  A gnoll (D:3)
  An adder (D:2)
  2 worms (D:2)
  A dart slug (D:1)
  5 orcs
  8 bats
  6 endoplasms
  3 giant cockroaches (D:1)
  9 goblins
  5 hobgoblins
  3 jackals (D:3)
  A quokka (D:2)
  9 ball pythons
  3 frilled lizards
  4 kobolds
  5 rats
66 creatures vanquished.

Notes
Turn   | Place    | Note
-------+----------+-------------------------------------------
     0 | D:1      | voltaire321 the Octopode Earth Elementalist began the quest
                  | for the Orb.
     0 | D:1      | Reached XP level 1. HP: 11/11 MP: 3/3
   238 | D:1      | Reached XP level 2. HP: 18/18 MP: 3/5
   317 | D:1      | Found Jauson's Jewellery Shoppe.
   638 | D:1      | Found Esseish's General Store.
   784 | D:1      | Reached XP level 3. HP: 22/22 MP: 6/6
   886 | D:1      | Reached skill level 1 in Fighting
   899 | D:1      | Found a faded altar of an unknown god.
  1497 | D:2      | Learned a level 2 spell: Passwall
  1501 | D:2      | Learned a level 3 spell: Stone Arrow
  1551 | D:2      | You fall into a shaft and drop 1 floor!
  2163 | D:2      | Reached XP level 4. HP: 25/28 MP: 7/7
  3294 | D:3      | Reached skill level 1 in Shields
  3325 | D:3      | Mangled by a gnoll

Illustrated notes

Levels and vault maps discovered:
D:1:      zelgadis_glass_arrival_small, layout_basic,
          hellmonk_ecumenical_altar_arch_garden, serial_shops,
          nicolae_lakefront_shop, nicolae_shop_crystal
D:2:      layout_loops_ring
D:3:      layout_basic

Skill      XL: |  1  2  3  4 |
---------------+-------------+-----
Fighting       | 1 |  1.5
Shields        | 1 |  1.0
Dodging        | |  2.6
Stealth        | |  2.6
Spellcasting   | |  2.5
Conjurations   | |  0.7
Transmutations | |  1.8
Earth Magic    | |  3.4

Action                   |  1- 3 |  4- 6 || total
-------------------------+-------+-------++-------
Melee: Unarmed           |    23 |       ||    23
       Dagger            |    69 |    14 ||    83
       Constrict         |    20 |    12 ||    32
       Tentacles         |    14 |     8 ||    22
       Mace              |       |    25 ||    25
 Cast: Sandblast         |    16 |     8 ||    24
  Use: Scroll            |     2 |       ||     2
 Stab: Sleeping          |    14 |     5 ||    19
Armor: Skin              |     8 |     4 ||    12
Dodge: Dodged            |    43 |    16 ||    59
Block: Buckler           |     4 |     5 ||     9
